 Dungeon Crawl Stone Soup version 0.15.1-3-g1b33baa (webtiles) character file.

30433 Jakon the Protected (level 13, -2/60 HPs)
             Began as a Gargoyle Fighter on Oct 2, 2014.
             Was a High Priest of Okawaru.
             Slain by a bone dragon (4 damage)
             ... on Level 1 of the Abyss on Oct 9, 2014.
             The game lasted 01:49:16 (19709 turns).

Jakon the Protected (Gargoyle Fighter)             Turns: 19709, Time: 01:49:16

HP  -2/60        AC 34     Str 23 (24) XL: 13   Next: 51%
MP  27/27        EV  6     Int  7 (9)  God: Okawaru [*****.]
Gold 898         SH 12     Dex 10      Spells:  0 memorised, 12 levels left

rFire  . . .     SeeInvis .     r - +3 flail (protect)
rCold  . . .     Rnd*Rage +     A - +0 plate armour
rNeg   + . .     rCorr    .     q - +0 shield
rPois  +         rRot     +     z - +2 helmet
rElec  +         Spirit   .     x - +0 cloak {+Inv}
SustAb .         Warding  .     n - +0 pair of gloves {Dex+3}
rMut   .         Stasis   .     S - +2 pair of boots "Miull" {Str+4 Int+3}
Gourm  .                        (no amulet)
MR     .....                    (no ring)
                                e - ring of magical power

@: exhausted, slowed, very slow, not resistant to hostile enchantments,
extremely unstealthy
A: berserk 1, blurry vision 3, clumsy 2, deformed body, deterioration 3, dopey
2, frail 3, low mp 3, negative energy resistance 1, screaming 3, electricity
resistance, slow healing 1, strong 1, weak 2, unbreathing, petrification
resistance, no device heal 2, rot immunity, placid magic 2, AC +9
a: Heroism, Finesse, Renounce Religion, Evoke Invisibility


You were on level 1 of the Abyss.
You worshipped Okawaru.
Okawaru was extremely pleased with you.
You were not hungry.

You visited 3 branches of the dungeon, and saw 15 of its levels.
You visited the Abyss 1 time.

You collected 898 gold pieces.

Inventory:

Hand weapons
 r - a +3 flail of protection (weapon)
 M - a +0 blowgun
Missiles
 i - 5 silver javelins
 H - 4 steel javelins
 L - 4 tomahawks (quivered)
 Q - 2 tomahawks of returning
Armour
 n - a +0 pair of gloves of dexterity (worn)
 p - a +2 pair of gloves
 q - a +0 shield (worn)
 x - a +0 cloak of darkness (worn)
 z - a +2 helmet (worn)
 A - a +0 plate armour (worn)
 S - the +2 pair of boots "Miull" (worn) {Str+4 Int+3}
   (You found it on level 11 of the Dungeon)

   It affects your strength (+4).
   It affects your intelligence (+3).
Magical devices
 c - a wand of hasting (4)
 l - a wand of teleportation (1)
 m - a wand of digging (14)
 v - a wand of digging (14)
 K - a wand of lightning (0)
 R - a wand of polymorph (18)
 T - a wand of cold (10)
Comestibles
 g - a meat ration
 E - 2 bread rations
Scrolls
 b - 4 scrolls of fog
 d - a scroll of enchant armour
 k - a scroll of immolation {unknown}
 o - 2 scrolls of blinking
 u - a scroll of remove curse
 w - a scroll of magic mapping
 y - a scroll of identify
Jewellery
 e - a ring of magical power (left hand)
 f - an uncursed ring of fire {unknown}
Potions
 a - a potion of might
 h - a potion of berserk rage
 j - a potion of restore abilities {unknown}
 s - a potion of invisibility
 t - a potion of lignification {unknown}
 C - a potion of poison {unknown}


   Skills:
 + Level 12.1 Fighting
 + Level 10.6 Maces & Flails
 + Level 12.2 Armour
 + Level 11.6 Shields
 + Level 9.3 Invocations


You had 12 spell levels left.
You didn't know any spells.

Dungeon Overview and Level Annotations

Branches:
Dungeon (13/15)            Temple (1/1) D:7             Orc (0/4) D:12
   Lair (1/8) D:11
 Vaults: D:13-14

Altars:
Ashenzari
Cheibriados
Dithmenos
Elyvilon
Fedhas
Kikubaaqudgha
Makhleb
Nemelex Xobeh
Okawaru
Qazlal
Sif Muna
Trog
Vehumet
Xom
Yredelemnul
Zin
The Shining One
Beogh


Innate Abilities, Weirdness & Mutations

You are resistant to torment.
You are immune to poison.
Your stone body is very resilient (AC +9).
You resist negative energy.
You are resistant to electric shocks.
You can survive without breathing.
You are immune to petrification.
You are immune to rotting.
Your muscles are strong. (Str +2)
[You tend to lose your temper in combat.]
[Your vision is extremely blurry.]
[You are very clumsy. (Dex -4)]
[Armour fits poorly on your strangely shaped body.]
[Your body is rapidly deteriorating.]
[You are very dopey. (Int -4)]
[You are extremely frail (-30% HP).]
[Your magical capacity is extremely low (-30% MP).]
[You frequently scream uncontrollably at your foes.]
[You heal slowly when monsters are visible.]
[You are very weak. (Str -4)]
[Potions and wands are poor at restoring your health.]
[Your spells are easier to cast, but less powerful.]


Message History

The bone dragon claws you but does no damage.
The bone dragon tramples you but does no damage.
Evoke which item? (* to show all) (? for menu, Esc to quit)
Zapping:
l - a wand of teleportation {zapped: 1}
Press: ? - help, Shift-Dir - straight line, f - wretched star
Aim: a wretched star (severely damaged)
The wretched star is unaffected.
The bone dragon bites you. The bone dragon closely misses you.
The bone dragon tramples you but does no damage.
You closely miss the wretched star.
The wretched star is severely damaged.
The bone dragon bites you! The bone dragon claws you!
* * * LOW HITPOINT WARNING * * *
You block the bone dragon's attack. The bone dragon bites you!
* * * LOW HITPOINT WARNING * * *
You block the bone dragon's attack. x2
Drink which item? (? for menu, Esc to quit)
Okay, then.
You block the bone dragon's attack. The bone dragon claws you.
You die...

..# # ..## .. .## #.#. ##
#...# ..#..# . . ..####
#..## .#.........##..
#.#. ...... #.# #.#.. .#
####.## # .... ###
.#.###.# .# . . ...
.....##...@##.#...#.
#...#.#.#...#.#*D.......#
# . ...##...##.#..#.#.#.
# ..[#..###.#X#..... .
#..##..X#.##.....# #
####. ..##.####..# .# #)#
.# .## #. .# # # #


You could see a bone dragon, a wretched star and a large abomination.

Vanquished Creatures
  Nessos (D:11)
  2 hydras (D:11)
  2 centaur warriors
  2 tengu warriors (D:12)
  An unseen horror (D:12)
  7 hill giants
  2 ugly things
  3 cyclopes
  An apocalypse crab (Abyss:1)
  A sixfirhy (Abyss:1)
  A gargoyle (D:11)
  An orange demon (Abyss:1)
  A komodo dragon (Lair:1)
  A kobold demonologist (D:12)
  2 tengu conjurers
  6 slime creatures
  A raiju (Abyss:1)
  4 ravens (D:12)
  3 trolls
  The ghost of MBison the Insei, an average HETm of Makhleb (D:5)
  3 wyverns
  A basilisk (Lair:1)
  2 shadows
  A fire dragon skeleton (D:13)
  A hill giant zombie (D:12)
  Eustachio (D:5)
  14 yaks
  2 deep elf fighters
  2 hungry ghosts
  Grum (D:8)
  A hill giant skeleton (D:9)
  6 hippogriffs
  A neqoxec (Abyss:1)
  3 small abominations (Abyss:1)
  2 soldier ants (D:11)
  A mottled dragon (D:9)
  3 wolves (D:8)
  2 porcupines (Lair:1)
  A tengu zombie (D:13)
  2 water moccasins
  4 orc warriors
  2 black bears
  6 ice beasts
  8 ogres
  A necrophage (D:10)
  2 sky beasts
  Sigmund (D:2)
  3 crocodiles
  9 centaurs
  The ghost of gigot the Insei, an average GrTm (D:4)
  8 giant frogs
  A gnoll sergeant (D:7)
  4 scorpions
  A wyvern skeleton (D:13)
  The ghost of teukkam the Ruffian, a weakling TrMo (D:3)
  19 killer bees
  A troll skeleton (D:11)
  25 wights
  4 goliath beetles
  A quasit (D:9)
  12 crimson imps
  A giant frog zombie (D:6)
  A jelly (D:10)
  A kobold zombie (D:12)
  A centaur skeleton (D:6)
  10 hounds
  11 orc wizards
  Crazy Yiuf (D:3)
  A gnoll shaman (D:7)
  7 orc priests
  11 worker ants
  3 iguanas
  8 sheep
  Ijyb (D:2)
  A crocodile skeleton (D:11)
  2 hound skeletons
  2 worker ant zombies
  Terence (D:2)
  2 mummies
  19 gnolls
  9 green rats
  16 adders
  4 giant mites
  4 shadow imps
  3 worms
  2 adder skeletons (D:5)
  An orc skeleton (D:4)
  5 giant geckos
  An ooze (D:3)
  41 orcs
  2 giant cockroaches
  23 hobgoblins
  20 kobolds
  8 quokkas
  2 ball pythons
  19 bats
  10 giant newts
  21 goblins
  2 hobgoblin zombies
  6 jackals
  2 kobold skeletons
  25 rats
  A rat zombie (D:7)
  2 ballistomycetes (D:8)
  2 butterflies (D:7)
  2 fungi (Lair:1)
524 creatures vanquished.

Vanquished Creatures (others)
  An iron imp (Abyss:1)
  A giant spore (D:8)
2 creatures vanquished.

Grand Total: 526 creatures vanquished

Notes
Turn   | Place    | Note
--------------------------------------------------------------
     0 | D:1      | Jakon, the Gargoyle Fighter, began the quest for the Orb.
     0 | D:1      | Reached XP level 1. HP: 14/14 MP: 1/1
   261 | D:1      | Reached XP level 2. HP: 14/19 MP: 2/2
   631 | D:2      | Noticed Sigmund
   694 | D:2      | Noticed an angel
   695 | D:2      | Found a shimmering altar of Xom.
   729 | D:2      | Reached XP level 3. HP: 20/24 MP: 3/3
   947 | D:2      | Noticed Terence
   963 | D:2      | Killed Terence
   963 | D:2      | Reached skill level 4 in Fighting
   963 | D:2      | Reached XP level 4. HP: 21/29 MP: 4/4
  1098 | D:2      | Found a glowing silver altar of Zin.
  1395 | D:2      | Noticed Ijyb
  1402 | D:2      | Killed Ijyb
  1607 | D:2      | Killed Sigmund
  1607 | D:2      | Reached XP level 5. HP: 26/33 MP: 5/5
  2298 | D:3      | Reached XP level 6. HP: 35/39 MP: 6/6
  2364 | D:3      | Noticed teukkam's ghost (weakling TrMo)
  2378 | D:3      | Killed teukkam's ghost
  2690 | D:3      | Noticed Crazy Yiuf
  2733 | D:3      | Killed Crazy Yiuf
  2789 | D:2      | Reached skill level 5 in Armour
  3578 | D:4      | Noticed gigot's ghost (average GrTm)
  3588 | D:4      | Killed gigot's ghost
  3588 | D:4      | Reached skill level 5 in Fighting
  3588 | D:4      | Reached XP level 7. HP: 33/44 MP: 7/7
  3658 | D:4      | Reached skill level 5 in Shields
  4161 | D:5      | Entered Level 5 of the Dungeon
  4292 | D:4      | Found a blossoming altar of Fedhas.
  4459 | D:4      | Reached skill level 6 in Armour
  4529 | D:4      | Found a shadowy altar of Dithmenos.
  4533 | D:4      | Found a radiant altar of Vehumet.
  4533 | D:4      | Found a snail-covered altar of Cheibriados.
  4925 | D:5      | Reached XP level 8. HP: 51/51 MP: 8/8
  4939 | D:5      | Noticed MBison's ghost (average HETm)
  5022 | D:5      | Noticed Eustachio
  5051 | D:5      | Killed Eustachio
  5301 | D:5      | Reached skill level 5 in Maces & Flails
  5778 | D:5      | Reached skill level 7 in Armour
  6061 | D:5      | Killed MBison's ghost
  6061 | D:5      | Reached XP level 9. HP: 43/56 MP: 9/9
  7785 | D:7      | Reached skill level 8 in Armour
  7848 | D:7      | Found a staircase to the Ecumenical Temple.
  7878 | Temple   | Entered the Ecumenical Temple
  8048 | Temple   | Became a worshipper of Warmaster Okawaru
  8271 | D:7      | Found a basalt altar of Yredelemnul.
  8470 | D:7      | Reached skill level 1 in Invocations
  8557 | D:7      | Reached XP level 10. HP: 49/64 MP: 12/12
  8776 | D:7      | Acquired Okawaru's first power
  9107 | D:8      | Noticed Grum
  9384 | D:8      | Killed Grum
  9384 | D:8      | Reached skill level 9 in Armour
 10522 | D:9      | Noticed a hill giant
 10539 | D:9      | Killed a hill giant
 11243 | D:10     | Entered Level 10 of the Dungeon
 11683 | D:10     | Got a shimmering lajatang
 11686 | D:10     | Identified the cursed -2 lajatang of Compulsion {slice, rN+} (You found it on level 10 of the Dungeon)
 11792 | D:10     | Noticed a hill giant
 11832 | D:10     | Killed a hill giant
 11903 | D:10     | Reached XP level 11. HP: 66/71 MP: 18/18
 12694 | D:11     | Reached skill level 5 in Invocations
 12768 | D:11     | Reached skill level 10 in Armour
 13963 | D:11     | Noticed a hill giant
 13978 | D:11     | Killed a hill giant
 13991 | D:11     | Received a gift from Okawaru
 14216 | D:11     | Got a pair of shimmering boots
 14223 | D:11     | Identified the +2 pair of boots "Miull" {Str+4 Int+3} (You found it on level 11 of the Dungeon)
 14370 | D:11     | Found a staircase to the Lair.
 14377 | D:11     | Reached skill level 10 in Fighting
 14501 | D:11     | Noticed Nessos
 14543 | D:11     | Killed Nessos
 14543 | D:11     | Received a gift from Okawaru
 14797 | D:10     | Reached skill level 10 in Shields
 15109 | D:11     | Acquired Okawaru's second power
 15308 | D:11     | Noticed a hill giant
 15318 | D:11     | Killed a hill giant
 15396 | D:10     | Reached XP level 12. HP: 72/78 MP: 22/22
 15443 | Lair:1   | Entered Level 1 of the Lair of Beasts
 15443 | Lair:1   | Noticed a four-headed hydra
 15443 | Lair:1   | Noticed an eight-headed hydra
 15493 | D:11     | Killed an eight-headed hydra
 15525 | D:11     | Killed a four-headed hydra
 15541 | D:11     | Reached skill level 11 in Armour
 16081 | Lair:1   | Received a gift from Okawaru
 16656 | D:12     | Found a staircase to the Orcish Mines.
 16692 | D:12     | Found a roughly hewn altar of Beogh.
 17216 | D:12     | Noticed a centaur warrior
 17246 | D:12     | Killed a centaur warrior
 17246 | D:12     | Received a gift from Okawaru
 17824 | D:12     | Noticed a tengu warrior
 17841 | D:12     | Killed a tengu warrior
 18240 | D:12     | Reached skill level 10 in Maces & Flails
 18290 | D:12     | Reached XP level 13. HP: 60/84 MP: 25/25
 18608 | D:13     | Noticed a tengu warrior
 18647 | D:12     | Killed a tengu warrior
 18647 | D:12     | Reached skill level 12 in Armour
 18840 | D:13     | Noticed a centaur warrior
 18853 | D:13     | Killed a centaur warrior
 18931 | D:13     | Received a gift from Okawaru
 19364 | D:13     | Upgraded the game from 0.15.1-2-g8fbdab7 to 0.15.1-3-g1b33baa
 19385 | D:13     | Cast into the Abyss (wizard)
 19458 | Abyss:1  | Noticed a bone dragon
 19467 | Abyss:1  | Noticed a pale draconian monk
 19614 | Abyss:1  | Gained mutation: [You are dopey. (Int -2)] [a neqoxec]
 19617 | Abyss:1  | Gained mutation: Your muscles are strong. (Str +2) [a neqoxec]
 19665 | Abyss:1  | Paralysed by you for 4 turns
 19666 | Abyss:1  | Noticed a bone dragon
 19707 | Abyss:1  | HP: 2/60 [bone dragon (11)]
 19709 | Abyss:1  | Slain by a bone dragon

Action                   |  1- 3 |  4- 6 |  7- 9 | 10-12 | 13-15 || total
-------------------------+-------+-------+-------+-------+-------++-------
Melee: Flail             |   141 |   183 |   588 |  1228 |   290 ||  2430
 Fire: Blowgun           |       |       |       |    34 |     6 ||    40
Throw: Tomahawk          |       |       |       |    17 |     6 ||    23
       Javelin           |       |       |       |    11 |     1 ||    12
Invok: Heroism           |       |       |       |     4 |       ||     4
       Finesse           |       |       |       |     3 |       ||     3
Evoke: Wand              |       |       |    15 |    35 |     1 ||    51
  Use: Scroll            |       |     4 |     4 |    19 |     1 ||    28
       Potion            |       |     2 |     1 |     6 |     1 ||    10
 Stab: Distracted        |       |       |       |       |     1 ||     1
  Eat: Chunk             |       |     5 |    11 |     1 |       ||    17
       Bread ration      |       |     1 |     1 |       |     1 ||     3
       Meat ration       |       |       |     1 |     4 |       ||     5
       Royal jelly       |       |       |       |     2 |       ||     2
       Fruit             |       |       |       |     2 |     3 ||     5
